 Dungeon Sprint DCSS version 0.18-a0-1343-g48c8f86 (webtiles) character file.

31 Kidiri the Covered (level 3, -1/34 HPs)
             Began as a Minotaur Fighter on Feb 16, 2016.
             Was an Initiate of Okawaru.
             Killed by divine providence
             ... invoked by an orc priest
              (15 damage)
             ... in the Dungeon (Sprint VII: "The Pits").
             The game lasted 00:02:19 (382 turns).

Kidiri the Covered (Minotaur Fighter)                Turns: 382, Time: 00:02:19

Health: -1/34      AC: 10    Str: 20    XL:     3   Next: 7%
Magic:  3/3        EV:  8    Int:  5    God:    Okawaru [......]
Gold:   0          SH:  9    Dex: 10    Spells: 0 memorised, 2 levels left

rFire  . . .     SeeInvis .     b - +1 hand axe (freeze)
rCold  . . .     Gourm    .     s - +3 scale mail
rNeg   . . .     Faith    .     c - +0 shield
rPois  .         Spirit   .     (helmet restricted)
rElec  .         Dismiss  .     (no cloak)
rCorr  .         Reflect  .     (no gloves)
SustAt .         Harm     .     (no boots)
MR     .....     NoTele   +     (no amulet)
Stlth  ..........               (no ring)
                                (no ring)

@: not resistant to hostile enchantments, extremely unstealthy
A: retaliatory headbutt, horns 2
a: Renounce Religion


You were in the Dungeon.
You worshipped Okawaru.
Okawaru was noncommittal.
You were not hungry.

You visited 1 branch

Inventory:

Hand Weapons
 b - a +1 hand axe of freezing (weapon)
 r - a +2 hand axe of venom
Armour
 c - a +0 shield (worn)
 s - a +3 scale mail (worn)
Scrolls
 k - a scroll of blinking
 o - 3 scrolls of remove curse
 p - 5 scrolls of amnesia
 q - a scroll of summoning
Potions
 d - a potion of might
 e - 6 potions of curing
 g - 4 potions of heal wounds
 h - a potion of haste
 i - 4 potions of magic
 j - 3 potions of berserk rage
 n - 2 potions of invisibility
Comestibles
 a - 7 chunks of flesh
 f - 8 bread rations
 l - 40 fruits
 m - 7 meat rations


   Skills:
 + Level 4.4 Fighting
   Level 2.8 Maces & Flails
 * Level 5.4 Armour
 + Level 2.3 Dodging
 * Level 5.0 Shields
 + Level 2.0 Invocations


You had 2 spell levels left.
You didn't know any spells.

Dungeon Overview and Level Annotations

Branches:
Dungeon (1/1)

Altars:
Ashenzari
Cheibriados
Dithmenos
Elyvilon
Fedhas
Gozag
Kikubaaqudgha
Makhleb
Nemelex Xobeh
Okawaru
Pakellas
Qazlal
Ru
Sif Muna
Trog
Vehumet
Xom
Yredelemnul
Zin
The Shining One
Beogh
Jiyva
Lugonu


Innate Abilities, Weirdness & Mutations

You reflexively headbutt those who attack you in melee.
You have a pair of horns on your head.


Message History

You kill the orc!
Okawaru accepts your kill.
Your Invocations skill increases to level 2!
You block the orc priest's attack.
You hit the orc priest but do no damage.
Your headbutt misses the orc priest.
The orc priest is moderately wounded.
You block the orc priest's attack.
The orc priest mumbles some strange prayers to Beogh against you.
Something smites you!
You hit the orc priest. You freeze the orc priest.
Your headbutt misses the orc priest.
The orc priest is severely wounded.
You block the orc priest's attack.
Unknown command.
You closely miss the orc priest.
The orc priest is severely wounded.
The orc priest invokes the aid of Beogh against you.
Something smites you!
You die...

############
#__________#
#__________#
#_#####+############
#_#)))+.+..##.......
#_#)))#.#?(##......#
#######+#####.......
#5o@........'.......
#Z#####+#####......#
#.#[[#...÷.##.......
#Z#))#####+#####+###
#o#))#.....##.......
#.#.)#.....##.......
#.#..###÷####.......
#.##+#.....##...<...
#.#........##.......


You could see an orc priest, a white imp and an adder skeleton.

Vanquished Creatures
  A giant eyeball (D)
  An ufetubus (D)
  A giant gecko (D)
  3 orcs (D)
  2 ball pythons (D)
  A hobgoblin (D)
  4 jackals (D)
  A quokka (D)
  A giant newt (D)
15 creatures vanquished.

Notes
Turn   | Place    | Note
--------------------------------------------------------------
     0 | D        | Kidiri the Minotaur Fighter began the quest for the Orb.
     0 | D        | Reached XP level 1. HP: 19/19 MP: 0/0
    54 | D        | Found a sacrificial altar of Ru.
    54 | D        | Found a basalt altar of Yredelemnul.
    54 | D        | Found a shadowy altar of Dithmenos.
    54 | D        | Found a deep blue altar of Sif Muna.
    54 | D        | Found a burning altar of Makhleb.
    54 | D        | Found a shimmering altar of Xom.
    54 | D        | Found an ancient bone altar of Kikubaaqudgha.
    54 | D        | Found a sparkling altar of Nemelex Xobeh.
    55 | D        | Found a glowing golden altar of the Shining One.
    55 | D        | Found a bloodstained altar of Trog.
    55 | D        | Found a shattered altar of Ashenzari.
    55 | D        | Found a white marble altar of Elyvilon.
    55 | D        | Found a snail-covered altar of Cheibriados.
    55 | D        | Found a blossoming altar of Fedhas.
    55 | D        | Found a radiant altar of Vehumet.
    55 | D        | Found a glowing silver altar of Zin.
    55 | D        | Found a corrupted altar of Lugonu.
    55 | D        | Found a viscous altar of Jiyva.
    55 | D        | Found a roughly hewn altar of Beogh.
    55 | D        | Found an iron altar of Okawaru.
    56 | D        | Found an oddly glowing altar of Pakellas.
    61 | D        | Found a stormy altar of Qazlal.
    61 | D        | Found an opulent altar of Gozag.
    64 | D        | Became a worshipper of Warmaster Okawaru
    88 | D        | Reached skill level 4 in Armour
    88 | D        | Reached skill level 1 in Dodging
   199 | D        | Reached XP level 2. HP: 24/27 MP: 1/1
   203 | D        | Reached skill level 1 in Invocations
   239 | D        | Reached skill level 5 in Armour
   242 | D        | Paralysed by a giant eyeball for 4 turns
   376 | D        | Reached skill level 5 in Shields
   376 | D        | Reached XP level 3. HP: 29/34 MP: 3/3
   382 | D        | Killed from afar by an orc priest

Vault maps used:
D:        pitsprint

Action                   || total
-------------------------++-------
Melee: Flail             ||     7
       Hand axe          ||    25
  Use: Potion            ||     2
